| TOP OF THE 1ST |
|
Aberdeen Pheasants batting - Pitching for St. Cloud Rox : LHP Sal Torres
|
|
Pitching: LHP Sal Torres
|
|
|
Batting: LHB Bob Porter
|
0-0: Ball 1-0: Fly out, F8 (Flyball, 8LM, EV 90.6 MPH)
|
|
Batting: RHB Alejandro Luna
|
0-0: Called Strike 0-1: SINGLE (Groundball, 56D, EV 98.1 MPH)
|
|
Batting: LHB Sergio Leija
|
0-0: Ball Pickoff Throw to First - Out! 1-3 1-0: Ball 2-0: SINGLE (Line Drive, 78S, EV 95.0 MPH)
|
|
Batting: RHB Pedro Chavez
|
0-0: Ball Sergio Leija is caught stealing 2nd base 2-4
|
| Top of the 1st over - 0 runs, 2 hits, 0 errors, 0 left on base; Aberdeen 0 - St. Cloud 0 |
| BOTTOM OF THE 1ST |
|
St. Cloud Rox batting - Pitching for Aberdeen Pheasants : RHP Dave Beard
|
|
Pitching: RHP Dave Beard
|
|
|
Batting: LHB Doran Perdue
|
0-0: Ball 1-0: Foul Ball, location: 2F 1-1: Called Strike 1-2: Ground out 4-3 (Groundball, 4, EV 89.4 MPH)
|
|
Batting: SHB George Mitchell
|
0-0: Ball 1-0: Swinging Strike 1-1: Swinging Strike 1-2: Ground out 1-3 (Groundball, 13S, EV 70.0 MPH)
|
|
Batting: SHB R J Reynolds
|
0-0: Ball 1-0: Fly out, F8 (Flyball, 8RXD, EV 105.0 MPH)
|
| Bottom of the 1st over - 0 runs, 0 hits, 0 errors, 0 left on base; Aberdeen 0 - St. Cloud 0 |
| TOP OF THE 2ND |
|
Aberdeen Pheasants batting - Pitching for St. Cloud Rox : LHP Sal Torres
|
|
Batting: RHB Pedro Chavez
|
0-0: Foul Ball, location: 2F 0-1: Ball 1-1: Foul Ball, location: 2F 1-2: Fly out, F7 (Flyball, 7S, EV 91.9 MPH)
|
|
Batting: SHB Stephen Moore
|
0-0: Foul Ball, location: 2F 0-1: Ball 1-1: Ball 2-1: Swinging Strike 2-2: Strikes out swinging
|
|
Batting: LHB Rick Leach
|
0-0: Ball 1-0: Foul Ball, location: 2F 1-1: Ball 2-1: Foul Ball, location: 2F 2-2: Ball 3-2: Ground out 6-3 (Groundball, 56D, EV 81.9 MPH)
|
| Top of the 2nd over - 0 runs, 0 hits, 0 errors, 0 left on base; Aberdeen 0 - St. Cloud 0 |
| BOTTOM OF THE 2ND |
|
St. Cloud Rox batting - Pitching for Aberdeen Pheasants : RHP Dave Beard
|
|
Batting: LHB Tim Flannery
|
0-0: Called Strike 0-1: Fly out, F7 (Flyball, 7LM, EV 86.9 MPH)
|
|
Batting: LHB Curtis Morgan
|
0-0: Foul Ball, location: 2F 0-1: Ball 1-1: Ball 2-1: Fly out, F7 (Flyball, 78D, EV 101.3 MPH)
|
|
Batting: RHB Domingos Maravilhas
|
0-0: Ball 1-0: Ball 2-0: Ball 3-0: Called Strike 3-1: Fly out, F8 (Flyball, 78D, EV 92.5 MPH)
|
| Bottom of the 2nd over - 0 runs, 0 hits, 0 errors, 0 left on base; Aberdeen 0 - St. Cloud 0 |
| TOP OF THE 3RD |
|
Aberdeen Pheasants batting - Pitching for St. Cloud Rox : LHP Sal Torres
|
|
Batting: RHB Mike R Fitzgerald
|
0-0: Called Strike 0-1: Swinging Strike 0-2: Ball 1-2: Ball 2-2: Ground out U3 (Groundball, 34, EV 105.0 MPH)
|
|
Batting: RHB Armando Ramirez
|
0-0: Foul Ball, location: 2F 0-1: Ball 1-1: Ball 2-1: Ball 3-1: Foul Ball, location: 2F 3-2: Ground out 4-3 (Groundball, 4, EV 75.6 MPH)
|
|
Batting: RHB Diego Martinez
|
0-0: Ball 1-0: Ball 2-0: Ball 3-0: Called Strike 3-1: Fly out, F8 (Flyball, 8RS, EV 87.5 MPH)
|
| Top of the 3rd over - 0 runs, 0 hits, 0 errors, 0 left on base; Aberdeen 0 - St. Cloud 0 |
| BOTTOM OF THE 3RD |
|
St. Cloud Rox batting - Pitching for Aberdeen Pheasants : RHP Dave Beard
|
|
Batting: SHB Manny Galvez
|
0-0: Ball 1-0: Ball 2-0: Swinging Strike 2-1: SINGLE (Line Drive, 8RS, EV 91.9 MPH)
|
|
Batting: RHB Butch Benton
|
0-0: Fly out, F8 (Flyball, 89S, EV 90.6 MPH)
|
|
Batting: RHB Rich Velasquez
|
0-0: Ball 1-0: Foul Ball, location: 2F 1-1: Ball 2-1: Foul Ball, location: 2F 2-2: Fly out, F7 (Flyball, 78XD, EV 89.4 MPH)
|
|
Batting: LHB Doran Perdue
|
0-0: Ball 1-0: Ball 2-0: Ball 3-0: Called Strike 3-1: SINGLE (Line Drive, 6D, EV 98.8 MPH) Manny Galvez to second
|
|
Batting: SHB George Mitchell
|
0-0: Called Strike 0-1: Ball 1-1: Ball 2-1: Ball 3-1: 3-RUN HOME RUN (Flyball, 7D, EV 111.9 MPH), Distance : 355 ft
|
|
Batting: SHB R J Reynolds
|
0-0: Ball 1-0: Foul Ball, location: 2F 1-1: Fly out, F8 (Flyball, 8LM, EV 87.5 MPH)
|
| Bottom of the 3rd over - 3 runs, 3 hits, 0 errors, 0 left on base; Aberdeen 0 - St. Cloud 3 |
| TOP OF THE 4TH |
|
Aberdeen Pheasants batting - Pitching for St. Cloud Rox : LHP Sal Torres
|
|
Batting: LHB Bob Porter
|
0-0: Ball 1-0: Ball 2-0: Foul Ball, location: 2F 2-1: Ground out 6-3 (Groundball, 6M, EV 83.8 MPH)
|
|
Batting: RHB Alejandro Luna
|
0-0: Ball 1-0: Foul Ball, location: 2F 1-1: Ball 2-1: Ball 3-1: Called Strike 3-2: Fly out, F8 (Flyball, 8RD, EV 88.8 MPH)
|
|
Batting: LHB Sergio Leija
|
0-0: Ball 1-0: Swinging Strike 1-1: SINGLE (Line Drive, 9S, EV 104.4 MPH)
|
|
Batting: RHB Pedro Chavez
|
0-0: Called Strike 0-1: Ground out 4-3 (Groundball, 34, EV 101.3 MPH)
|
| Top of the 4th over - 0 runs, 1 hit, 0 errors, 1 left on base; Aberdeen 0 - St. Cloud 3 |
| BOTTOM OF THE 4TH |
|
St. Cloud Rox batting - Pitching for Aberdeen Pheasants : RHP Dave Beard
|
|
Batting: LHB Tim Flannery
|
0-0: Ball 1-0: Swinging Strike 1-1: Ball 2-1: Ground out 4-3 (Groundball, 34, EV 95.6 MPH)
|
|
Batting: LHB Curtis Morgan
|
0-0: Called Strike 0-1: Called Strike 0-2: Ball 1-2: Fly out, F8 (Flyball, 8LM, EV 75.0 MPH)
|
|
Batting: RHB Domingos Maravilhas
|
0-0: Called Strike 0-1: Ball 1-1: Ball 2-1: Ground out 6-3 (Groundball, 6, EV 97.5 MPH)
|
| Bottom of the 4th over - 0 runs, 0 hits, 0 errors, 0 left on base; Aberdeen 0 - St. Cloud 3 |
| TOP OF THE 5TH |
|
Aberdeen Pheasants batting - Pitching for St. Cloud Rox : LHP Sal Torres
|
|
Batting: SHB Stephen Moore
|
0-0: Called Strike 0-1: Ball 1-1: Swinging Strike 1-2: Ball 2-2: Foul Ball, location: 2F 2-2: Strikes out swinging
|
|
Batting: LHB Rick Leach
|
0-0: Ball 1-0: Ball 2-0: Ball 3-0: Called Strike 3-1: Fly out, F4 (Flyball, 3D, EV 88.1 MPH)
|
|
Batting: RHB Mike R Fitzgerald
|
0-0: Ball 1-0: Called Strike 1-1: Ground out 1-3 (Groundball, 34S, EV 68.1 MPH)
|
| Top of the 5th over - 0 runs, 0 hits, 0 errors, 0 left on base; Aberdeen 0 - St. Cloud 3 |
| BOTTOM OF THE 5TH |
|
St. Cloud Rox batting - Pitching for Aberdeen Pheasants : RHP Dave Beard
|
|
Batting: SHB Manny Galvez
|
0-0: Ball 1-0: Called Strike 1-1: Fly out, F9 (Line Drive, 9, EV 86.3 MPH)
|
|
Batting: RHB Butch Benton
|
0-0: Swinging Strike 0-1: Ball 1-1: Ball 2-1: DOUBLE (Line Drive, 78D, EV 97.5 MPH)
|
|
Batting: RHB Rich Velasquez
|
0-0: Ball 1-0: Called Strike 1-1: Swinging Strike 1-2: Ball 2-2: Ball 3-2: Ground out 5-3 (Groundball, 56, EV 82.5 MPH)
|
|
Batting: LHB Doran Perdue
|
0-0: SINGLE (Groundball, 5S, EV 70.0 MPH) (infield hit) Butch Benton to third
|
|
Batting: SHB George Mitchell
|
0-0: Swinging Strike 0-1: Ball 1-1: Called Strike 1-2: Strikes out swinging
|
| Bottom of the 5th over - 0 runs, 2 hits, 0 errors, 2 left on base; Aberdeen 0 - St. Cloud 3 |
| TOP OF THE 6TH |
|
Aberdeen Pheasants batting - Pitching for St. Cloud Rox : LHP Sal Torres
|
|
Batting: RHB Armando Ramirez
|
0-0: Ball 1-0: Ball 2-0: Foul Ball, location: 2F 2-1: Fly out, F7 (Flyball, 7, EV 96.3 MPH)
|
|
Batting: RHB Diego Martinez
|
0-0: Ball 1-0: Called Strike 1-1: Ground out 6-3 (Groundball, 6, EV 87.5 MPH)
|
|
Batting: LHB Bob Porter
|
0-0: Called Strike 0-1: SINGLE (Line Drive, 4M, EV 94.4 MPH)
|
|
Batting: RHB Alejandro Luna
|
0-0: Ground out 5-3 (Groundball, 56S, EV 88.1 MPH)
|
| Top of the 6th over - 0 runs, 1 hit, 0 errors, 1 left on base; Aberdeen 0 - St. Cloud 3 |
| BOTTOM OF THE 6TH |
|
St. Cloud Rox batting - Pitching for Aberdeen Pheasants : RHP Dave Beard
|
|
Batting: SHB R J Reynolds
|
0-0: Ball 1-0: Ball 2-0: Foul Ball, location: 2F 2-1: Called Strike 2-2: Ball 3-2: Strikes out swinging
|
|
Batting: LHB Tim Flannery
|
0-0: Ball 1-0: Called Strike 1-1: Foul Ball, location: 2F 1-2: Ball 2-2: Foul Ball, location: 2F 2-2: Foul Ball, location: 2F 2-2: Fly out, F9 (Flyball, 89D, EV 107.5 MPH)
|
|
Batting: LHB Curtis Morgan
|
0-0: Ball 1-0: Called Strike 1-1: Ball 2-1: Foul Ball, location: 2F 2-2: Ball 3-2: Fly out, F8 (Line Drive, 8LD, EV 106.3 MPH)
|
| Bottom of the 6th over - 0 runs, 0 hits, 0 errors, 0 left on base; Aberdeen 0 - St. Cloud 3 |
| TOP OF THE 7TH |
|
Aberdeen Pheasants batting - Pitching for St. Cloud Rox : LHP Sal Torres
|
|
Batting: LHB Sergio Leija
|
0-0: Called Strike 0-1: Ground out 4-3 (Groundball, 4S, EV 88.1 MPH)
|
|
Batting: RHB Pedro Chavez
|
0-0: Foul Ball, location: 2F 0-1: Ball 1-1: Foul Ball, location: 2F 1-2: Ball 2-2: Foul Ball, location: 2F 2-2: Strikes out swinging
|
|
Batting: SHB Stephen Moore
|
0-0: Ground out U3 (Groundball, 3S, EV 90.6 MPH)
|
| Top of the 7th over - 0 runs, 0 hits, 0 errors, 0 left on base; Aberdeen 0 - St. Cloud 3 |
| BOTTOM OF THE 7TH |
|
St. Cloud Rox batting - Pitching for Aberdeen Pheasants : RHP Dave Beard
|
|
Batting: RHB Domingos Maravilhas
|
0-0: Foul Ball, location: 2F 0-1: Called Strike 0-2: Ground out 3-1 (Groundball, 34, EV 76.9 MPH)
|
|
Batting: SHB Manny Galvez
|
0-0: Fly out, F7 (Flyball, 78S, EV 85.0 MPH)
|
|
Batting: RHB Butch Benton
|
0-0: Ground out 4-3 (Groundball, 4, EV 90.0 MPH)
|
| Bottom of the 7th over - 0 runs, 0 hits, 0 errors, 0 left on base; Aberdeen 0 - St. Cloud 3 |
| TOP OF THE 8TH |
|
Aberdeen Pheasants batting - Pitching for St. Cloud Rox : LHP Sal Torres
|
|
Batting: LHB Rick Leach
|
0-0: Ball 1-0: Ball 2-0: Swinging Strike 2-1: Foul Ball, location: 2F 2-2: DOUBLE (Groundball, 3D, EV 99.4 MPH)
|
|
Batting: RHB Mike R Fitzgerald
|
0-0: Ball 1-0: SINGLE (Line Drive, 89S, EV 103.8 MPH) Rick Leach to third Runner from 3rd tries for Home, SAFE, throw by RF to home
|
|
Pitching: RHP Adrian Meagher
|
|
|
Batting: RHB Armando Ramirez
|
0-0: Called Strike 0-1: Foul Ball, location: 2F 0-2: Strikes out swinging
|
|
Batting: RHB Diego Martinez
|
0-0: Ball 1-0: SINGLE (Line Drive, 6D, EV 104.4 MPH) Mike R Fitzgerald to second
|
|
Batting: LHB Bob Porter
|
0-0: Called Strike 0-1: Swinging Strike 0-2: Foul Ball, location: 2F 0-2: Foul Ball, location: 2F 0-2: Foul Ball, location: 2F 0-2: Fly out, F3 (Popup, 34S, EV 82.5 MPH)
|
|
Pinch Hitting: LHB Robert McNair
|
0-0: Ball 1-0: Called Strike 1-1: Ball 2-1: Fly out, F3 (Flyball, 3D, EV 81.3 MPH)
|
| Top of the 8th over - 1 run, 3 hits, 0 errors, 2 left on base; Aberdeen 1 - St. Cloud 3 |
| BOTTOM OF THE 8TH |
|
St. Cloud Rox batting - Pitching for Aberdeen Pheasants : RHP Dave Beard
|
|
Now at SS: Mike Foote
|
|
|
Batting: RHB Rich Velasquez
|
0-0: Ball 1-0: Ball 2-0: Ball 3-0: Called Strike 3-1: Ground out 6-3 (Groundball, 6, EV 104.4 MPH)
|
|
Batting: LHB Doran Perdue
|
0-0: Ball 1-0: Fly out, F8 (Flyball, 8LM, EV 85.0 MPH)
|
|
Batting: SHB George Mitchell
|
0-0: Ball 1-0: Foul Ball, location: 2F 1-1: Ground out 1-3 (Groundball, 34S, EV 77.5 MPH)
|
| Bottom of the 8th over - 0 runs, 0 hits, 0 errors, 0 left on base; Aberdeen 1 - St. Cloud 3 |
| TOP OF THE 9TH |
|
Aberdeen Pheasants batting - Pitching for St. Cloud Rox : RHP Adrian Meagher
|
|
Batting: LHB Sergio Leija
|
0-0: Ball 1-0: Foul Ball, location: 2F 1-1: Ball 2-1: Foul Ball, location: 2F 2-2: Ground out 5-3 (Groundball, 5, EV 85.6 MPH)
|
|
Batting: RHB Pedro Chavez
|
0-0: Called Strike 0-1: Swinging Strike 0-2: Ball 1-2: Strikes out swinging
|
|
Batting: SHB Stephen Moore
|
0-0: Ball 1-0: Foul Ball, location: 2F 1-1: Ball 2-1: SOLO HOME RUN (Flyball, 9D, EV 98.8 MPH), Distance : 362 ft
|
|
Batting: LHB Rick Leach
|
0-0: Foul Ball, location: 2F 0-1: Ball 1-1: Ball 2-1: Swinging Strike 2-2: Ball 3-2: Base on Balls
|
|
Pitching: RHP Mitch Zwolensky
|
|
|
Batting: RHB Mike R Fitzgerald
|
0-0: Called Strike 0-1: Ground out 4-3 (Groundball, 4, EV 88.8 MPH)
|
| Top of the 9th over - 1 run, 1 hit, 0 errors, 1 left on base; Aberdeen 2 - St. Cloud 3 |
|